 Dungeon Crawl Stone Soup version 0.29.0-4-gdea44cf6ec (webtiles) character file.

Game seed: 1262513697102866319

6061 qw the Blocker (level 10, 0/92 HPs)
             Began as a Troll Cinder Acolyte on Aug 30, 2022.
             Was a Believer of Ignis.
             Succumbed to a hornet's poison
             ... on level 8 of the Dungeon.
             The game lasted 00:03:53 (6814 turns).

qw the Blocker (Troll Cinder Acolyte)               Turns: 6814, Time: 00:03:54

Health: 0/92       AC: 11    Str: 28    XL:     10   Next: 57%
Magic:  10/10      EV: 12    Int: 10    God:    Ignis [**....]
Gold:   444        SH: 10    Dex:  5    Spells: 11/11 levels left

rFire   + + .      SeeInvis .     - Unarmed
rCold   . . .      Faith    .   p - +0 kite shield
rNeg    . . .      Spirit   .   r - +0 robe {rF+}
rPois   .          Reflect  .   (helmet restricted)
rElec   .          Harm     .   (no cloak)
rCorr   .          Rampage  .   (gloves unavailable)
Will    .....                   (boots unavailable)
Stlth   +.........              (no amulet)
HPRegen 1.05/turn               o - +4 ring of evasion
MPRegen 0.12/turn               (no ring)

@: lethally poisoned (0 -> -10), fiery-armoured, slowed, very slow
A: large, unfitting armour, claws 3, regeneration 1, shaggy fur 1, tough skin 1
a: Renounce Religion, Fiery Armour, Foxfire Swarm, Rising Flame


You were on level 8 of the Dungeon.
You worshipped Ignis.
Ignis was pleased with you.
You visited 1 branch of the dungeon, and saw 8 of its levels.

You collected 444 gold pieces.


Innate Abilities, Weirdness & Mutations

You are too large for most types of armour.
You have claws for hands.
Your natural rate of healing is unusually fast.
You are covered in fur. (AC +1)
You have tough skin. (AC +1)


   Skills:
 - Level 4.0 Fighting
 - Level 2.1 Throwing
 - Level 1.1 Dodging
 - Level 12.2 Shields
 + Level 10.1 Unarmed Combat
 - Level 1.0 Spellcasting
 - Level 2.1 Fire Magic


You had 11 spell levels left.
You didn't know any spells.
Your spell library contained the following spells:

 Spells                   Type           Power      Damage    Failure   Level
 Scorch                   Fire           8%         2d5       34%         2

Inventory:

Missiles
 q - 6 boomerangs (quivered)
Armour
 p - a +0 kite shield (worn)
 r - a +0 robe of fire resistance (worn)
Jewellery
 o - a +4 ring of evasion (left claw)
Scrolls
 g - 2 scrolls of identify
 k - a scroll of enchant weapon
Potions
 e - 2 potions of haste
 h - a potion of resistance
 i - 2 potions of curing
 l - a potion of mutation
 n - a potion of invisibility {unknown}
 t - a potion of berserk rage {unknown}

Dungeon Overview and Level Annotations

Branches:
Dungeon (8/15)             Temple (0/1) D:4
   Lair: D:8-11

Altars:
Cheibriados
Elyvilon
Gozag
Nemelex Xobeh
Okawaru
Qazlal
Ru
Sif Muna
Vehumet
Wu Jian
Xom
Yredelemnul
Zin

Shops:
D:4 (   D:5 *

Annotations:
D:3 2 transporters, qw's ghost, amateur TeWr
D:6 2 transporters, qw's ghost, amateur TeWr


Message History

The hornet buzzes angrily.
There is an open door here.
Throw: 6 boomerangs
Press: ? - help, Q - select action Shift-Dir - straight line, f - hornet You throw a boomerang.
The boomerang hits the hornet.
The hornet is lightly wounded.
You mangle the hornet!!
The hornet is severely wounded.
You miss the hornet.
The hornet is severely wounded.
The hornet stings you!
You feel yourself slow down. The hornet stings you!
You are poisoned.
You feel as though you will be slow longer.
The hornet stings you but does no damage.
You scratch the hornet.
The hornet is severely wounded.
You feel very sick. The hornet misses you. You block the hornet's attack.
The hornet stings you!
You are more poisoned.
You suddenly lose the ability to move!
The hornet stings you.
You feel as though you will be slow longer.
You can move again.
You closely miss the hornet.
The hornet is severely wounded.
You feel very sick. You block the hornet's attack. The hornet stings you!
You are more poisoned.
You feel as though you will be slow longer.
The hornet stings you!
You feel as though you will be slow longer.
The hornet stings you!
You feel as though you will be slow longer.
6813 ||| INVOKING Fiery Armour.
A protective cloak of flame settles atop you.
You feel extremely sick. You block the hornet's attack.
The hornet barely misses you. You block the hornet's attack.
The hornet barely misses you.
You claw the hornet!
You kill the hornet!
You die...

##### #...#
#########...##
####............#
...#............#
.>.#............########
...#............@%.....#
)..#............#y.....#
...###..........#......+
.7..............##.....#
.(..##..........# ......
...############## ......
#[## ..... #+#.########
..... ................+


You could see a hornet.

Vanquished Creatures
  A hornet (D:8)
  Grum (D:8)
  A water moccasin (D:6)
  3 sky beasts (D:6)
  2 black bears
  2 ice beasts (D:6)
  3 ogres
  2 centaurs
  2 wolves (D:8)
  2 phantoms
  2 gnoll sergeants
  2 bullfrogs
  A necrophage (D:7)
  2 scorpions
  4 wights (D:7)
  2 jellies (D:5)
  2 gnoll boudas (D:6)
  3 orc priests
  6 iguanas
  8 orc wizards
  A hound zombie (D:3)
  A hound skeleton (D:3)
  24 gnolls
  12 adders
  2 shadow imps
  A white imp (D:8)
  2 ufetubi
  3 worms
  2 dart slugs
  24 orcs
  3 bats
  5 endoplasms
  2 giant cockroaches
  4 goblins
  9 hobgoblins
  6 jackals (D:2)
  6 kobolds
  4 quokkas
  8 ball pythons
  A ball python skeleton (D:3)
  2 ball python zombies (D:3)
  A frilled lizard (D:1)
  A quokka skeleton (D:3)
  14 rats
189 creatures vanquished.

Vanquished Creatures (others)
  A withered plant (D:3)
1 creature vanquished.

Grand Total: 190 creatures vanquished

Notes
Turn   | Place    | Note
-------+----------+-------------------------------------------
     0 | D:1      | qw the Troll Cinder Acolyte began the quest for the Orb.
     0 | D:1      | Reached XP level 1. HP: 22/22 MP: 1/1
     0 | D:1      | 0 ||| qw: Version: 0.1-a-95-gae9e614
     0 | D:1      | 0 ||| qw: Game counter: 4390
     0 | D:1      | 0 ||| qw: Always use a shield: true
     0 | D:1      | 0 ||| qw: God list: Okawaru
     0 | D:1      | 0 ||| qw: Allow faded altars: false
     0 | D:1      | 0 ||| qw: Do Orc after D:15 true
     0 | D:1      | 0 ||| qw: Do second Lair branch before Depths: true
     0 | D:1      | 0 ||| qw: Lair rune preference: random
     0 | D:1      | 0 ||| qw: Plans: Normal
     0 | D:1      | 0 ||| PLANNING D:1-11
   162 | D:1      | 162 ||| Stepping ~*~*~tactically~*~*~ (stealth).
   255 | D:1      | Reached XP level 2. HP: 29/29 MP: 2/2
   331 | D:1      | Found a faded altar of an unknown god.
   367 | D:1      | 367 ||| Stepping ~*~*~tactically~*~*~ (outnumbered).
   467 | D:1      | Reached XP level 3. HP: 36/36 MP: 3/3
   909 | D:1      | 909 ||| READING scroll labelled TAVVUANLEZ.
   910 | D:1      | 910 ||| READING scroll labelled ESMYET UMOTAI.
   911 | D:1      | 911 ||| READING scroll labelled UCALAITW BOILI.
   914 | D:1      | 914 ||| READING scroll labelled WYKKUI ONIUCW.
   915 | D:1      | 915 ||| DRINKING 3 green potions.
  1049 | D:2      | Identified the +0 pair of gloves of Imuapr Caun {rF- Str+7
                  | Dex+6}
  1112 | D:2      | 1112 ||| Stepping ~*~*~tactically~*~*~ (stealth).
  1114 | D:2      | 1114 ||| Stepping ~*~*~tactically~*~*~ (stealth).
  1130 | D:2      | 1130 ||| Stepping ~*~*~tactically~*~*~ (stealth).
  1131 | D:2      | 1131 ||| Stepping ~*~*~tactically~*~*~ (stealth).
  1133 | D:2      | 1133 ||| Stepping ~*~*~tactically~*~*~ (stealth).
  1134 | D:2      | 1134 ||| Stepping ~*~*~tactically~*~*~ (stealth).
  1136 | D:2      | 1136 ||| Stepping ~*~*~tactically~*~*~ (stealth).
  1142 | D:2      | 1142 ||| Stepping ~*~*~tactically~*~*~ (stealth).
  1162 | D:2      | Found a basalt altar of Yredelemnul.
  1213 | D:2      | Reached XP level 4. HP: 43/44 MP: 4/4
  1697 | D:2      | 1697 ||| READING scroll labelled NIEMEAH NOLUS.
  1698 | D:2      | 1698 ||| DRINKING 2 fizzy emerald potions.
  1699 | D:2      | 1699 ||| DRINKING 2 fuming ruby potions.
  1700 | D:2      | 1700 ||| DROPPING potion of magic.
  1701 | D:2      | 1701 ||| DROPPING potion of flight.
  1747 | D:3      | 1747 ||| Stepping ~*~*~tactically~*~*~ (stealth).
  1748 | D:3      | 1748 ||| Stepping ~*~*~tactically~*~*~ (stealth).
  1749 | D:3      | 1749 ||| Stepping ~*~*~tactically~*~*~ (stealth).
  1750 | D:3      | 1750 ||| INVOKING Fiery Armour.
  1753 | D:3      | 1753 ||| Stepping ~*~*~tactically~*~*~ (outnumbered).
  1754 | D:3      | 1754 ||| Stepping ~*~*~tactically~*~*~ (outnumbered).
  1755 | D:3      | 1755 ||| Stepping ~*~*~tactically~*~*~ (outnumbered).
  1756 | D:3      | 1756 ||| Stepping ~*~*~tactically~*~*~ (outnumbered).
  1757 | D:3      | 1757 ||| Stepping ~*~*~tactically~*~*~ (outnumbered).
  1759 | D:3      | 1759 ||| Stepping ~*~*~tactically~*~*~ (outnumbered).
  1760 | D:3      | 1760 ||| Stepping ~*~*~tactically~*~*~ (outnumbered).
  1767 | D:3      | Reached XP level 5. HP: 44/50 MP: 5/5
  1767 | D:3      | 1767 ||| FLEEEEING.
  1768 | D:3      | 1768 ||| FLEEEEING.
  1780 | D:3      | 1780 ||| Stepping ~*~*~tactically~*~*~ (outnumbered).
  1856 | D:3      | Reached skill level 6 in Unarmed Combat
  1979 | D:3      | 1979 ||| Stepping ~*~*~tactically~*~*~ (stealth).
  1997 | D:3      | 1997 ||| Stepping ~*~*~tactically~*~*~ (stealth).
  2027 | D:3      | 2027 ||| Stepping ~*~*~tactically~*~*~ (stealth).
  2028 | D:3      | 2028 ||| Stepping ~*~*~tactically~*~*~ (stealth).
  2042 | D:3      | 2042 ||| INVOKING Fiery Armour.
  2225 | D:3      | Found a transporter.
  2226 | D:3      | Noticed qw's ghost (amateur TeWr)
  2246 | D:3      | Found a transporter.
  2255 | D:3      | Found a sparkling altar of Nemelex Xobeh.
  2301 | D:3      | Found a glowing silver altar of Zin.
  2304 | D:3      | Found an opulent altar of Gozag.
  2306 | D:3      | Found an iron altar of Okawaru.
  2424 | D:3      | 2424 ||| READING scroll labelled VEEDEMEFRU.
  2425 | D:3      | 2425 ||| READING scroll labelled ZOOSSI ZAPSIS.
  2426 | D:3      | 2426 ||| DRINKING 2 murky orange potions.
  2519 | D:3      | 2519 ||| READING scroll of teleportation.
  2520 | D:3      | 2520 ||| STAIRDANCE
  2555 | D:4      | 2555 ||| STAIRDANCE
  2565 | D:4      | Reached XP level 6. HP: 45/59 MP: 6/6
  2571 | D:4      | 2571 ||| STAIRDANCE
  2600 | D:4      | 2600 ||| Stepping ~*~*~tactically~*~*~ (stealth).
  2744 | D:4      | Reached skill level 1 in Throwing
  2818 | D:4      | Found Moczuta's Antique Weapon Shop.
  2844 | D:4      | Found a sacrificial altar of Ru.
  2906 | D:4      | Found a staircase to the Ecumenical Temple.
  2910 | D:4      | 2910 ||| Stepping ~*~*~tactically~*~*~ (stealth).
  2919 | D:4      | 2919 ||| INVOKING Fiery Armour.
  2919 | D:4      | HP: 9/59 [orc priest/divine providence (13)]
  2920 | D:4      | 2920 ||| DRINKING 2 potions of heal wounds.
  2927 | D:4      | 2927 ||| STAIRDANCE
  3306 | D:4      | 3306 ||| UPGRADING to +4 ring of evasion.
  3307 | D:4      | 3307 ||| READING scroll labelled VODWIO DAIHECH.
  3366 | D:3      | Found a shimmering blue altar of Sif Muna.
  3391 | D:5      | Entered Level 5 of the Dungeon
  3443 | D:5      | 3443 ||| INVOKING Fiery Armour.
  3449 | D:5      | Reached XP level 7. HP: 26/66 MP: 7/7
  3533 | D:5      | Found a stormy altar of Qazlal.
  3674 | D:5      | Reached skill level 3 in Fighting
  3701 | D:5      | 3701 ||| Stepping ~*~*~tactically~*~*~ (stealth).
  3703 | D:5      | 3703 ||| Stepping ~*~*~tactically~*~*~ (stealth).
  3808 | D:5      | Found a snail-covered altar of Cheibriados.
  3885 | D:5      | Found an ornate altar of the Wu Jian Council.
  3910 | D:5      | 3910 ||| Stepping ~*~*~tactically~*~*~ (outnumbered).
  3911 | D:5      | 3911 ||| Stepping ~*~*~tactically~*~*~ (outnumbered).
  3915 | D:5      | 3915 ||| Stepping ~*~*~tactically~*~*~ (outnumbered).
  3946 | D:5      | Found a radiant altar of Vehumet.
  3946 | D:5      | Found a shimmering altar of Xom.
  3952 | D:5      | 3952 ||| Stepping ~*~*~tactically~*~*~ (stealth).
  3961 | D:5      | 3961 ||| Stepping ~*~*~tactically~*~*~ (stealth).
  3973 | D:5      | 3973 ||| Stepping ~*~*~tactically~*~*~ (stealth).
  4023 | D:5      | Found Baumm's Lightly-Used Armoury.
  4029 | D:5      | 4029 ||| SHOPLISTING -2 gold dragon scales (840 gold, have
                  | 279).
  4029 | D:5      | 4029 ||| SHOPLISTING -3 gold dragon scales (780 gold, have
                  | 279).
  4029 | D:5      | 4029 ||| SHOPLISTING -3 pearl dragon scales (1020 gold,
                  | have 279).
  4200 | D:5      | Reached skill level 9 in Unarmed Combat
  4200 | D:5      | Reached XP level 8. HP: 75/75 MP: 8/8
  4706 | D:5      | 4706 ||| UPGRADING to +0 kite shield.
  4711 | D:5      | 4711 ||| READING scroll labelled COLLIBB BAAPIA.
  4738 | D:6      | Found a transporter.
  4748 | D:6      | Noticed qw's ghost (amateur TeWr)
  4754 | D:6      | Noticed a two-headed ogre
  4763 | D:6      | Reached skill level 1 in Shields
  4808 | D:6      | 4808 ||| Stepping ~*~*~tactically~*~*~ (stealth).
  4809 | D:6      | 4809 ||| Stepping ~*~*~tactically~*~*~ (stealth).
  4816 | D:6      | Reached skill level 2 in Shields
  4825 | D:6      | Found a basalt altar of Yredelemnul.
  4879 | D:6      | Reached skill level 3 in Shields
  4902 | D:6      | 4902 ||| Stepping ~*~*~tactically~*~*~ (hiding).
  4914 | D:6      | 4914 ||| Stepping ~*~*~tactically~*~*~ (hiding).
  4919 | D:6      | Reached skill level 4 in Shields
  4922 | D:6      | 4922 ||| Stepping ~*~*~tactically~*~*~ (outnumbered).
  4930 | D:6      | 4930 ||| INVOKING Fiery Armour.
  4943 | D:6      | 4943 ||| FLEEEEING.
  4997 | D:6      | Reached skill level 5 in Shields
  5166 | D:6      | Reached skill level 6 in Shields
  5261 | D:6      | Found a white marble altar of Elyvilon.
  5309 | D:6      | Found a transporter.
  5321 | D:6      | Reached XP level 9. HP: 80/83 MP: 9/9
  5382 | D:6      | 5382 ||| Stepping ~*~*~tactically~*~*~ (hiding).
  5384 | D:6      | 5384 ||| Stepping ~*~*~tactically~*~*~ (stealth).
  5385 | D:6      | 5385 ||| Stepping ~*~*~tactically~*~*~ (stealth).
  5394 | D:6      | 5394 ||| Stepping ~*~*~tactically~*~*~ (stealth).
  5405 | D:6      | 5405 ||| FLEEEEING.
  5410 | D:6      | 5410 ||| FLEEEEING.
  5411 | D:6      | 5411 ||| FLEEEEING.
  5412 | D:6      | 5412 ||| FLEEEEING.
  5413 | D:6      | 5413 ||| FLEEEEING.
  5414 | D:6      | 5414 ||| FLEEEEING.
  5415 | D:6      | 5415 ||| FLEEEEING.
  5416 | D:6      | 5416 ||| FLEEEEING.
  5615 | D:6      | 5615 ||| UPGRADING to +0 robe of fire resistance.
  5625 | D:6      | 5625 ||| DROPPING +0 robe.
  5626 | D:6      | 5626 ||| READING scroll labelled HYCAON OCVEUDD.
  5627 | D:6      | 5627 ||| READING 4 scrolls of identify.
  5627 | D:6      | 5627 ||| IDENTIFYING emerald potion
  5628 | D:6      | 5628 ||| READING 3 scrolls of identify.
  5628 | D:6      | 5628 ||| IDENTIFYING sapphire potion
  5629 | D:6      | 5629 ||| READING 2 scrolls of identify.
  5629 | D:6      | 5629 ||| IDENTIFYING white potion
  5630 | D:6      | 5630 ||| DROPPING potion of lignification.
  5631 | D:6      | 5631 ||| DROPPING potion of attraction.
  5672 | D:7      | Reached skill level 7 in Shields
  5673 | D:7      | 5673 ||| Stepping ~*~*~tactically~*~*~ (stealth).
  5674 | D:7      | 5674 ||| Stepping ~*~*~tactically~*~*~ (stealth).
  5683 | D:7      | Reached skill level 1 in Dodging
  5685 | D:7      | 5685 ||| INVOKING Fiery Armour.
  5689 | D:7      | 5689 ||| Stepping ~*~*~tactically~*~*~ (outnumbered).
  5690 | D:7      | 5690 ||| Stepping ~*~*~tactically~*~*~ (outnumbered).
  5700 | D:7      | 5700 ||| FLEEEEING.
  6031 | D:7      | 6031 ||| Stepping ~*~*~tactically~*~*~ (outnumbered).
  6032 | D:7      | 6032 ||| Stepping ~*~*~tactically~*~*~ (outnumbered).
  6033 | D:7      | 6033 ||| Stepping ~*~*~tactically~*~*~ (outnumbered).
  6034 | D:7      | 6034 ||| Stepping ~*~*~tactically~*~*~ (outnumbered).
  6035 | D:7      | 6035 ||| Stepping ~*~*~tactically~*~*~ (outnumbered).
  6036 | D:7      | 6036 ||| Stepping ~*~*~tactically~*~*~ (outnumbered).
  6040 | D:7      | 6040 ||| INVOKING Fiery Armour.
  6040 | D:7      | HP: 18/76 [wight/+5 war axe (14)]
  6041 | D:7      | 6041 ||| READING scroll of teleportation.
  6042 | D:7      | 6042 ||| DRINKING potion of heal wounds.
  6227 | D:7      | 6227 ||| Stepping ~*~*~tactically~*~*~ (hiding).
  6228 | D:7      | 6228 ||| Stepping ~*~*~tactically~*~*~ (hiding).
  6365 | D:7      | 6365 ||| READING 4 scrolls of identify.
  6365 | D:7      | 6365 ||| IDENTIFYING coppery potion
  6366 | D:7      | 6366 ||| DRINKING potion of experience.
  6366 | D:7      | Reached skill level 12 in Shields
  6366 | D:7      | Reached XP level 10. HP: 86/86 MP: 10/10
  6367 | D:7      | 6367 ||| READING 3 scrolls of identify.
  6367 | D:7      | 6367 ||| IDENTIFYING metallic purple potion
  6368 | D:7      | 6368 ||| READING 2 scrolls of identify.
  6368 | D:7      | 6368 ||| IDENTIFYING black potion
  6380 | D:8      | Noticed Grum
  6381 | D:8      | 6381 ||| INVOKING Fiery Armour.
  6382 | D:8      | 6382 ||| Stepping ~*~*~tactically~*~*~ (outnumbered).
  6398 | D:8      | Killed Grum
  6399 | D:8      | 6399 ||| STAIRDANCE
  6611 | D:8      | 6611 ||| Stepping ~*~*~tactically~*~*~ (hiding).
  6612 | D:8      | 6612 ||| Stepping ~*~*~tactically~*~*~ (hiding).
  6746 | D:8      | 6746 ||| Stepping ~*~*~tactically~*~*~ (hiding).
  6747 | D:8      | 6747 ||| Stepping ~*~*~tactically~*~*~ (hiding).
  6753 | D:8      | 6753 ||| Stepping ~*~*~tactically~*~*~ (outnumbered).
  6754 | D:8      | 6754 ||| Stepping ~*~*~tactically~*~*~ (outnumbered).
  6805 | D:8      | 6805 ||| Stepping ~*~*~tactically~*~*~ (stealth).
  6811 | D:8      | Paralysed by a hornet for 1 turns
  6812 | D:8      | HP: 12/92 [hornet (16)]
  6813 | D:8      | 6813 ||| INVOKING Fiery Armour.
  6813 | D:8      | HP: 4/92 [poisoned by a hornet]
  6814 | D:8      | Succumbed to a hornet's poison

Levels and vault maps discovered:
D:1:      dpeg_arrival_ratfight, layout_basic, serial_rivers,
          chequers_serial_rivers_small_a, chequers_serial_rivers_micro_a,
          chequers_serial_rivers_large_a, chequers_serial_rivers_small_a,
          chequers_serial_rivers_micro_a, shapermc_ecumenical_altar_pompeii,
          minmay_tetromino_s4
D:2:      layout_basic, basic_altar
D:3:      layout_basic, nicolae_overflow_hidden_temple, serial_undead,
          serial_undead_c, serial_undead_a, serial_undead_a, serial_undead_b,
          serial_undead_b, serial_undead_e, serial_undead_b,
          gammafunk_ghost_arena, grunt_decor_fettered, minmay_crystal_room,
          dk_vineyard_3, grunt_decor_cap
D:4:      layout_basic, mainiacjoe_overflow_alcove_1,
          minmay_temple_entry_crystal_x, serial_shops, nicolae_shop_trees
D:5:      minmay_recursive_quarters, layout_loops_corners,
          kennysheep_little_box, kennysheep_slug_shrine,
          pdpol_wu_jian_five_deadly_venoms, nicolae_overflow_two_pavilions,
          chequers_serial_rivers_large_b, minmay_shop_damaged
D:6:      layout_basic, kennysheep_ying_yang, gammafunk_ghost_smash
D:7:      layout_loops_ring
D:8:      layout_basic, nrook_mini_backslash, grunt_ministairs_14,
          eino_small_chamber_without_monster, uniq_erica, uniq_grum

Skill      XL: |  1  2  3  4  5  6  7  8  9 10 |
---------------+-------------------------------+-----
Unarmed Combat | 4 5 7 9 10 | 10.1
Throwing       | 2 |  2.1
Fighting       | 3 4 |  4.0
Shields        | 6 12 | 12.2
Dodging        | 1 |  1.1
Spellcasting   | |  1.0
Fire Magic     | |  2.1

Action                   |  1- 3 |  4- 6 |  7- 9 | 10-12 || total
-------------------------+-------+-------+-------+-------++-------
Melee: Unarmed           |   113 |   125 |   201 |    58 ||   497
Throw: Javelin           |       |    32 |    39 |       ||    71
       Boomerang         |       |       |    12 |     1 ||    13
Invok: Fiery Armour      |       |     4 |     3 |     2 ||     9
  Use: Scroll            |     4 |     5 |     7 |     2 ||    18
       Potion            |     1 |     4 |     2 |       ||     7
Armor: Robe              |    26 |    45 |    29 |    17 ||   117
Dodge: Dodged            |    50 |    51 |    99 |    25 ||   225
Block: Kite shield       |       |       |    44 |    32 ||    76

Table legend:
 A = Non-vault XP
 B = Vault XP
 C = Vault XP percentage of total XP
 D = Non-vault monster count
 E = Vault monster count
 F = Vault count percentage of total count
                 A         B        C        D         E       F
            +---------+---------+-------+---------+---------+-------
      Total |    4352 |     708 |  14.0 |     164 |      25 |  13.2
            +---------+---------+-------+---------+---------+-------
        D:1 |      48 |       6 |  11.1 |      22 |       6 |  21.4
        D:2 |      86 |       0 |   0.0 |      25 |       0 |   0.0
        D:3 |     161 |      43 |  21.1 |      19 |       6 |  24.0
        D:4 |     296 |       0 |   0.0 |      18 |       0 |   0.0
        D:5 |     760 |      86 |  10.2 |      23 |       4 |  14.8
        D:6 |    1548 |       0 |   0.0 |      35 |       0 |   0.0
        D:7 |     938 |       0 |   0.0 |      15 |       0 |   0.0
        D:8 |     515 |     573 |  52.7 |       7 |       9 |  56.2
            +---------+---------+-------+---------+---------+-------
